 Dungeon Crawl Stone Soup version 0.27-a0-1232-gc6a4cbde82 (webtiles) character file.

Game seed: 1524885648130828773

46 Shayle the Sneak (level 3, -2/31 HPs)
             Began as a Deep Dwarf Enchanter on June 9, 2021.
             Slain by a kobold
             ... wielding a +0 short sword
              (3 damage)
             ... on level 3 of the Dungeon.
             The game lasted 00:06:35 (2033 turns).

Shayle the Sneak (Deep Dwarf Enchanter)             Turns: 2033, Time: 00:06:35

Health: -2/31      AC:  6    Str: 11    XL:     3   Next: 44%
Magic:  5/5        EV: 11    Int: 16    God:
Gold:   48         SH:  0    Dex: 13    Spells: 4/5 levels left

rFire    . . .     SeeInvis .   a - +1 dagger
rCold    . . .     Faith    .   (no shield)
rNeg     . . .     Spirit   .   f - +0 ring mail
rPois    .         Reflect  .   n - +0 helmet
rElec    .         Harm     .   (no cloak)
rCorr    .         Rampage  .   (no gloves)
Will     .....                  (no boots)
Stlth    ++........             (no amulet)
HPRegen  0.00/turn              (no ring)
MPRegen  0.09/turn              (no ring)

@: no status effects
A: damage resistance, heal wounds, sense surroundings 1, no regeneration
a: Heal Wounds


You were on level 3 of the Dungeon.
You visited 1 branch of the dungeon, and saw 3 of its levels.

You collected 102 gold pieces.
You spent 54 gold pieces at shops.

Inventory:

Hand Weapons
 a - a +1 dagger (weapon)
Armour
 b - a +0 robe
 f - a +0 ring mail (worn)
 n - a +0 helmet (worn)
Scrolls
 c - a scroll of teleportation {unknown}
 i - a scroll of fear {unknown}
 j - a scroll of identify {unknown}
 l - a scroll of enchant weapon {unknown}
Potions
 e - a potion of curing {unknown}
 g - a potion of cancellation {unknown}
 h - 2 potions of brilliance {unknown}
 k - a potion of invisibility {unknown}
 m - a potion of flight {unknown}


   Skills:
 + Level 1.4 Fighting
 - Level 0.8 Short Blades
 + Level 3.0 Dodging
 + Level 4.4 Stealth
 - Level 1.7 Spellcasting
 - Level 2.4 Hexes


You had 4 spell levels left.
You knew the following spells:

 Your Spells              Type           Power      Damage    Failure   Level
a - Corona                Hex            10%        N/A       19%         1

Your spell library contained the following spells:

 Spells                   Type           Power      Damage    Failure   Level
 Ensorcelled Hibernation  Hex/Ice        10%        N/A       43%         2
 Confusing Touch          Hex            9%         N/A       50%         3
 Tukima's Dance           Hex            9%         N/A       50%         3
 Dazzling Flash           Conj/Hex       10%        N/A       67%         3


Dungeon Overview and Level Annotations

Branches:
Dungeon (3/15)

Altars:

Shops:
D:2 [(


Innate Abilities, Weirdness & Mutations

You are resistant to damage.
You can heal yourself by infusing magical energy.
You passively map a small area around you.
You do not regenerate.


Message History

The gnoll hits you but does no damage.
You barely miss the gnoll.
The gnoll is lightly wounded.
The gnoll hits you but does no damage.
You hit the gnoll.
The gnoll is moderately wounded.
The gnoll hits you but does no damage.
You barely miss the gnoll.
The gnoll is moderately wounded.
The gnoll hits you with a +0 club.
You completely miss the gnoll.
The gnoll is moderately wounded.
The gnoll closely misses you.
You barely miss the gnoll.
The gnoll is moderately wounded.
The gnoll closely misses you.
You hit the gnoll.
The gnoll is severely wounded.
The gnoll hits you with a +0 club.
You hit the gnoll.
The gnoll is severely wounded.
The gnoll hits you with a +0 club!
* * * LOW HITPOINT WARNING * * *
You barely miss the gnoll.
The gnoll is severely wounded.
The gnoll hits you with a +0 club.
* * * LOW HITPOINT WARNING * * *
Blink to where?
Press: ? - help, Dir - move target
As you read the scroll of blinking, it crumbles to dust.
There is a stone staircase leading down here.
You climb downwards.
A quokka and a kobold come into view.
The kobold shouts!
The kobold hits you but does no damage.
Found a dagger.
Found an escape hatch in the ceiling.
There is a stone staircase leading up here.
You miss the kobold.
The kobold hits you with a +0 short sword.
You die...

, * * #.. #..
, . .... .. *
##.. * , ..<
#.. .... ##
#.. ** .....#.
* #.. ,
*..).r..######
###
......K@....#
* . *
.##.#.#####.#
# # * , # , ,
* * , # , ,* *
*# * * # , *
*# ** * * ,##
* , ,,, #.


You could see a quokka and a kobold.

Vanquished Creatures
  2 adders (D:2)
  A worm (D:2)
  A dart slug (D:3)
  A ball python (D:2)
  An endoplasm (D:3)
  A giant cockroach (D:2)
  A hobgoblin (D:2)
  2 jackals (D:2)
  2 kobolds (D:2)
  2 quokkas
  4 frilled lizards
  2 goblins (D:2)
  4 rats
24 creatures vanquished.

Notes
Turn   | Place    | Note
-------+----------+-------------------------------------------
     0 | D:1      | Shayle the Deep Dwarf Enchanter began the quest for the
                  | Orb.
     0 | D:1      | Reached XP level 1. HP: 15/15 MP: 3/3
   933 | D:3      | Reached XP level 2. HP: 7/24 MP: 4/4
   966 | D:3      | Reached skill level 4 in Stealth
  1032 | D:2      | Found Rappel's Weapon Shop.
  1104 | D:2      | Reached skill level 1 in Fighting
  1144 | D:2      | Reached XP level 3. HP: 24/31 MP: 5/5
  1243 | D:2      | Found a faded altar of an unknown god.
  1348 | D:2      | Found Ovew's Armour Shop.
  1371 | D:2      | Bought a +0 helmet for 54 gold pieces
  2021 | D:2      | HP: 1/31 [gnoll/+0 club (5)]
  2033 | D:3      | Slain by a kobold

Illustrated notes

Levels and vault maps discovered:
D:1:      mrwooster_arrival_statue_2, layout_basic, lemuel_another_geyser
D:2:      layout_rooms, shapermc_ecumenical_altar_notcrosses, serial_shops,
          shop, nicolae_shop_statue_plus
D:3:      layout_loops_ring

Skill      XL: |  1  2  3 |
---------------+----------+-----
Stealth        | 4 |  4.4
Fighting       | 1 |  1.4
Dodging        | 3 |  3.0
Short Blades   | |  0.8
Spellcasting   | |  1.7
Hexes          | |  2.4

Action                   || total
-------------------------++-------
Melee: Dagger            ||   127
 Abil: Heal Wounds       ||     1
  Use: Scroll            ||     3
 Stab: Sleeping          ||     4
Armor: Ring mail         ||    60
Dodge: Dodged            ||    65

Table legend: (Time is in decaauts)
 A = Elapsed time spent in this place.
 B = Non-inter-level travel time spent in this place.
 C = Inter-level travel time spent in this place.
 D = Time resting spent in this place.
 E = Time spent auto-exploring this place.
 F = Levels seen in this place.
 G = Mean time per level.
                   A        B        C        D        E       F      G
               +--------+--------+--------+--------+--------+-----+--------+
         Total |   2032 |   2002 |     30 |    800 |    748 |   3 |  677.3 |
       Dungeon |   2032 |   2002 |     30 |    800 |    748 |   3 |  677.3 |
               +--------+--------+--------+--------+--------+-----+--------+

Top non-repeatable levels by time:
     D:2: 1319 daAuts
     D:1: 550 daAuts
     D:3: 161 daAuts
